 Dungeon Crawl Stone Soup version 0.31-a0-986-g5e6e4ef867 (webtiles) character file.

Game seed: 9714963666594947648

177 croobank the Trooper (level 5, -3/37 HPs)
             Began as an Octopode Monk on Nov 5, 2023.
             Slain by a gnoll bouda
             ... wielding a +0 whip
              (8 damage)
             ... on level 3 of the Dungeon.
             The game lasted 00:16:52 (2441 turns).

croobank the Trooper (Octopode Monk)                Turns: 2441, Time: 00:16:52

Health: -3/37      AC:  1    Str: 10    XL:     5   Next: 57%
Magic:  5/5        EV: 14    Int: 15    God:
Gold:   76         SH:  4    Dex: 14    Spells: 4/4 levels left

rFire   . . .        a - +0 short sword
rCold   . . .        j - +0 buckler
rNeg    + . .        (helmet restricted)
rPois   .            (no amulet)
rElec   .            g - ring of positive energy
rCorr   .            (no ring)
SInv    .            (no ring)
Will    .....        (no ring)
Stlth   ++           (no ring)
HPRegen 0.26/turn    (no ring)
MPRegen 0.09/turn    (no ring)
                     (no ring)

%: no passive effects
@: brilliant, weakened, invisible
A: almost no armour, amphibious, 8 rings, camouflage 1, gelatinous body 1,
(nimble swimmer 1), tentacles
a: no special abilities


You were on level 3 of the Dungeon.
You visited 1 branch of the dungeon, and saw 4 of its levels.

You collected 76 gold pieces.

Inventory:

Hand Weapons
 a - a +0 short sword (weapon)
 l - a +0 war axe
Armour
 c - an orb of light
 j - a +0 buckler (worn)
Jewellery
 g - a ring of positive energy (left tentacle)
Wands
 r - a wand of iceblast (8)
Scrolls
 d - a scroll of identify
 h - a scroll of vulnerability {unknown}
 i - a scroll of fog {unknown}
 k - a scroll of revelation {unknown}
 o - 2 scrolls of immolation {unknown}
 p - a scroll of silence {unknown}
 s - a scroll of butterflies {unknown}
Potions
 f - a potion of mutation
 n - a potion of might {unknown}
 q - a potion of attraction {unknown}


   Skills:
 + Level 4.3 Fighting
 + Level 4.2 Short Blades
 + Level 4.2 Dodging


You had 4 spell levels left.
You didn't know any spells.
Your spell library contained the following spells:

 Spells                   Type           Power      Damage    Failure   Level
 Apportation              Tloc           0%         N/A       38%         1
 Necrotise                Necr           0%         1d4       38%         1
 Summon Small Mammal      Summ           0%         N/A       38%         1


Dungeon Overview and Level Annotations

Branches:
Dungeon (4/15)
 Temple: D:4-7

Altars:

Shops:
D:3 (


Innate Abilities, Weirdness & Mutations

You cannot wear most types of armour.
You are amphibious.
You can wear up to eight rings at the same time.
Your skin changes colour to match your surroundings (Stealth+).
Your rubbery body absorbs attacks. (AC +1, EV +1)
((You are camouflaged when in or above water. (Stealth+)))
You have tentacles for arms and can constrict up to eight enemies at once.


Message History

The scorpion barely misses you.
The gnoll bouda gazes fiercely through you!
You feel your attacks grow feeble. The gnoll bouda barely misses you.
You hit the gnoll bouda.
The gnoll bouda is lightly wounded.
You feel sick. The scorpion closely misses you.
The gnoll bouda hits you with a +0 whip.
* * * LOW HITPOINT WARNING * * *
You feel sick. The scorpion barely misses you.
The gnoll bouda attacks as it pursues you!
The gnoll bouda hits you with a +0 whip!
* * * LOW HITPOINT WARNING * * *
The scorpion barely misses you.
You hit the scorpion but do no damage. You squeeze the scorpion.
The scorpion is heavily wounded.
You feel sick. The scorpion stings you.
* * * LOW HITPOINT WARNING * * *
The gnoll bouda gazes fiercely through you!
You feel as though you will be weak longer.
The gnoll bouda closely misses you.
You are too confused!
Okay, then.
It was a potion of brilliance.
You feel clever all of a sudden.
You feel less invigorated.
You feel less confused.
You feel sick. The scorpion closely misses you.
You block the gnoll bouda's attack.
As you read the scroll labelled IVULUAH QILEPT, it crumbles to dust.
It is a scroll of identify.
f - a potion of mutation You feel sick.
You are no longer poisoned.
The scorpion closely misses you. The gnoll bouda barely misses you.
It was a potion of invisibility.
You fade into invisibility!
The scorpion completely misses you.
The gnoll bouda hits you with a +0 whip!
You die...

#.# #.# #.# #.# #.# #.#
#.# #######)# #.#
##.....#)#
###.###########....⌠...#
..................)....#
....########.#.⌠)s...###
##### #....@g...#
####....⌠## ##...##
#####


You could see a gnoll bouda (unable to see you) and a scorpion (unable to see
you).

Vanquished Creatures
  An orc priest (D:3)
  A hound (D:3)
  4 adders
  2 gnolls (D:3)
  3 orcs (D:3)
  5 ball pythons
  6 endoplasms
  A giant cockroach (D:1)
  4 goblins
  8 hobgoblins
  3 quokkas (D:2)
  2 bats
  3 frilled lizards
  8 kobolds
  5 rats
56 creatures vanquished.

Notes
Turn   | Place    | Note
-------+----------+-------------------------------------------
     0 | D:1      | croobank the Octopode Monk began the quest for the Orb.
     0 | D:1      | Reached XP level 1. HP: 16/16 MP: 1/1
   170 | D:1      | Reached XP level 2. HP: 21/21 MP: 2/2
   766 | D:2      | Reached XP level 3. HP: 26/26 MP: 3/3
  1039 | D:2      | Reached XP level 4. HP: 33/33 MP: 4/4
  1917 | D:3      | Found Qeli's Antique Weapon Shoppe.
  2046 | D:3      | Reached XP level 5. HP: 9/37 MP: 5/5
  2441 | D:3      | Slain by a gnoll bouda

Illustrated notes

Levels and vault maps discovered:
D:1:      dpeg_arrival_round_b, layout_loops_ring
D:2:      layout_basic, kennysheep_boxes
D:3:      layout_loops_ring, serial_shops, nicolae_shop_trees,
          grunt_ministairs_1
D:4:      layout_rooms, old_standard_altar, serial_shops,
          nicolae_shop_just_a_little_nook, dk_rats_in_the_wall

Skill      XL: |  1  2  3  4 |
---------------+-------------+-----
Fighting       | 4 |  4.3
Short Blades   | 4 |  4.2
Dodging        | 4 |  4.2

Action                     |  1- 3 |  4- 6 || total
---------------------------+-------+-------++-------
  Melee: Short sword       |    69 |    55 ||   124
         Constrict         |    21 |    18 ||    39
         Tentacles         |    12 |    14 ||    26
    Use: Potion            |       |     3 ||     3
         Scroll            |       |     1 ||     1
   Stab: Sleeping          |     3 |     5 ||     8
 Armour: Skin              |    19 |    29 ||    48
  Dodge: Dodged            |    35 |    37 ||    72
  Block: Buckler           |     1 |     7 ||     8

Table legend: (Time is in decaauts)
 A = Elapsed time spent in this place.
 B = Non-inter-level travel time spent in this place.
 C = Inter-level travel time spent in this place.
 D = Time resting spent in this place.
 E = Time spent auto-exploring this place.
 F = Levels seen in this place.
 G = Mean time per level.
                   A        B        C        D        E       F      G
               +--------+--------+--------+--------+--------+-----+--------+
         Total |   2424 |   2376 |     48 |    201 |   1747 |   4 |  606.0 |
       Dungeon |   2424 |   2376 |     48 |    201 |   1747 |   4 |  606.0 |
               +--------+--------+--------+--------+--------+-----+--------+

Top non-repeatable levels by time:
     D:3: 876 daAuts
     D:2: 780 daAuts
     D:1: 755 daAuts
     D:4: 11 daAuts
